 Dungeon Crawl Stone Soup version 0.29.1-2-gbd0b4ee654 (webtiles) character file.

Game seed: 8922762462168856548

184 styxcanada the Covert (level 5, -1/26 HPs)
             Began as a Spriggan Brigand on Nov 6, 2022.
             Was an Initiate of Gozag.
             Slain by an adder (3 damage)
             ... on level 4 of the Dungeon.
             The game lasted 00:09:06 (3293 turns).

styxcanada the Covert (Spriggan Brigand)            Turns: 3293, Time: 00:09:07

Health: -1/26      AC:  3    Str:  7    XL:     5   Next: 36%
Magic:  6/6        EV: 21    Int: 12    God:    Gozag
Gold:   182        SH:  0    Dex: 19    Spells: 4/4 levels left

rFire   . . .      SeeInvis +   a - +2 dagger
rCold   . . .      Faith    .   (no shield)
rNeg    + . .      Spirit   .   b - +0 robe
rPois   .          Reflect  .   (helmet restricted)
rElec   .          Harm     .   c - +0 cloak
rCorr   .          Rampage  .   (gloves unavailable)
Will    .....                   (boots unavailable)
Stlth   ++++......              u - amulet of the acrobat
HPRegen 0.08/turn               h - ring of positive energy
MPRegen 0.10/turn               m - +4 ring of evasion

@: gold aura, very quick
A: very small, no large weapons, unfitting armour, see invisible, speed 3
a: Renounce Religion, Potion Petition, Call Merchant, Bribe Branch


You were on level 4 of the Dungeon.
You worshipped Gozag.
Gozag was aware of your devotion.
You visited 1 branch of the dungeon, and saw 4 of its levels.

You collected 243 gold pieces.
You paid 61 gold pieces to Gozag.

Inventory:

Hand Weapons
 a - a +2 dagger (weapon)
 j - a +0 sling
Missiles
 d - 12 poisoned darts (quivered)
 e - 3 curare-tipped darts
 f - 31 stones
 i - 5 boomerangs
Armour
 b - a +0 robe (worn)
 c - a +0 cloak (worn)
Jewellery
 h - a ring of positive energy (left hand)
 m - a +4 ring of evasion (right hand)
 u - an amulet of the acrobat (around neck)
Wands
 t - a wand of digging (7)
Scrolls
 g - 3 scrolls of identify
 l - a scroll of amnesia {unknown}
 p - 2 scrolls of teleportation {unknown}
 q - a scroll of brand weapon {unknown}
 s - a scroll of magic mapping {unknown}
 v - a scroll of fear {unknown}
Potions
 k - a potion of degeneration
 o - a potion of mutation {unknown}
 r - a potion of heal wounds {unknown}


   Skills:
 * Level 2.1 Fighting
 + Level 3.3 Short Blades
 + Level 2.0 Throwing
 * Level 2.4 Dodging
 * Level 8.4 Stealth
 * Level 1.1 Evocations


You had 4 spell levels left.
You didn't know any spells.
Your spell library contained the following spells:

 Spells                   Type           Power      Damage    Failure   Level
 Blade Hands              Tmut           0%         N/A       100%        5
 Irradiate                Conj/Tmut      0%         3d11      100%        5
 Dragon Form              Tmut           0%         N/A       100%        7


Dungeon Overview and Level Annotations

Branches:
Dungeon (4/15)
 Temple: D:4-7

Altars:
Gozag
Nemelex Xobeh
Wu Jian


Innate Abilities, Weirdness & Mutations

You are very small and have problems with some larger weapons.
You are too small for most types of armour.
You have supernaturally acute eyesight. (SInv)
You cover ground extremely quickly. (Speed+++)


Message History

The black bear completely misses you. The jackal misses you.
You hit the jackal but do no damage.
The jackal is severely wounded.
The adder barely misses you. The jackal completely misses you.
The adder closely misses you.
You hit the jackal.
You kill the jackal!
The black bear completely misses you. The black bear misses you.
The black bear claws you but does no damage.
The adder closely misses you.
You hit the jackal.
The jackal is lightly wounded.
The black bear bites you but does no damage.
The black bear completely misses you. The black bear claws you.
* * * LOW HITPOINT WARNING * * *
The jackal completely misses you. The adder closely misses you.
You hit the jackal but do no damage.
The jackal is lightly wounded.
The jackal closely misses you. The black bear misses you. x2
The black bear closely misses you. The adder bites you but does no damage.
You hit the jackal.
The jackal is heavily wounded.
The jackal is distracted by your dazzling golden aura.
The adder bites you.
* * * LOW HITPOINT WARNING * * *
The black bear completely misses you. The black bear closely misses you.
The black bear barely misses you.
The jackal barks!
You closely miss the jackal.
The jackal is no longer distracted by gold.
The jackal is heavily wounded.
The jackal completely misses you. The adder barely misses you.
You closely miss the jackal.
The jackal is heavily wounded.
The jackal is distracted by your dazzling golden aura.
The black bear bites you.
* * * LOW HITPOINT WARNING * * *
The black bear barely misses you. x2; The adder bites you.
You die...
Your body crumbles into a pile of gold.

# .... ## ... .####r#
.# ....#.# #.# #####
......# ##.. #...#
....#h# ... #...#
h...#.####.# ###...#
g...#.r##..# ###.S...#
....#.....####rh@#...#
....#..#......w##h..##
..........######..###
....##.#..# #..##
....##.#..# ..h)
....##...w# #.?hh ##
#..#.# #.?#. #.....
....s $..#.#......


You could see a black bear, an adder, a dart slug, a quokka and a jackal
(unaware).

Vanquished Creatures
  An ogre (D:4)
  An orc wizard (D:3)
  An adder (D:2)
  2 dart slugs
  4 orcs (D:3)
  8 ball pythons
  4 bats
  7 endoplasms
  A giant cockroach (D:2)
  5 goblins
  2 hobgoblins (D:3)
  4 jackals
  3 kobolds
  4 frilled lizards
  4 rats
51 creatures vanquished.

Vanquished Creatures (others)
  A fungus (D:3)
1 creature vanquished.

Grand Total: 52 creatures vanquished

Notes
Turn   | Place    | Note
-------+----------+-------------------------------------------
     0 | D:1      | styxcanada the Spriggan Brigand began the quest for the
                  | Orb.
     0 | D:1      | Reached XP level 1. HP: 10/10 MP: 2/2
     6 | D:1      | Noticed a redback
     6 | D:1      | Noticed a black bear
     6 | D:1      | Noticed a snapping turtle
     7 | D:1      | Noticed a lindwurm
     7 | D:1      | Noticed a wolf
    30 | D:1      | Reached skill level 6 in Stealth
   159 | D:1      | Reached XP level 2. HP: 14/14 MP: 3/3
   669 | D:1      | Reached skill level 7 in Stealth
  1153 | D:2      | Reached XP level 3. HP: 18/18 MP: 4/4
  2455 | D:3      | Reached XP level 4. HP: 17/23 MP: 5/5
  2622 | D:3      | Found a sparkling altar of Nemelex Xobeh.
  2851 | D:3      | Found an opulent altar of Gozag.
  2858 | D:3      | Became a worshipper of Gozag Ym Sagoz the Greedy
  2911 | D:3      | Found an ornate altar of the Wu Jian Council.
  2943 | D:3      | Found a faded altar of an unknown god.
  3239 | D:4      | Noticed a black bear
  3258 | D:4      | Noticed a scorpion
  3263 | D:4      | Noticed an ogre
  3269 | D:4      | Killed an ogre
  3270 | D:4      | Reached skill level 8 in Stealth
  3270 | D:4      | Reached skill level 1 in Evocations
  3270 | D:4      | Reached XP level 5. HP: 18/26 MP: 6/6
  3293 | D:4      | Slain by an adder

Illustrated notes

Levels and vault maps discovered:
D:1:      onia_arrival_zoo_common, layout_loops_corners
D:2:      layout_loops_ring
D:3:      layout_basic, mainiacjoe_overflow_boulevard,
          mainiacjoe_overflow_large_starburst, shapermc_ecumenical_altar_petra,
          minivault_27, kennysheep_donut, serial_bayou_pond_b,
          kennysheep_generic_room_11
D:4:      layout_rooms, fedhas_altar_decomposition,
          nicolae_ossuary_entry_monument, minmay_surrounded

Skill      XL: |  1  2  3  4 |
---------------+-------------+-----
Stealth        | 6 7 8 |  8.4
Dodging        | 2 |  2.4
Short Blades   | 3 |  3.3
Fighting       | 2 |  2.1
Evocations     | 1 |  1.1
Throwing       | |  2.0

Action                   |  1- 3 |  4- 6 || total
-------------------------+-------+-------++-------
Melee: Dagger            |   130 |    37 ||   167
Throw: Dart              |     5 |     1 ||     6
  Use: Scroll            |       |     1 ||     1
       Potion            |       |     1 ||     1
 Stab: Sleeping          |    17 |     3 ||    20
Armor: Robe              |    11 |     8 ||    19
Dodge: Dodged            |    87 |    56 ||   143
